 Dungeon Crawl Stone Soup version 0.22.0 (webtiles) character file.

387 nicolaieve the Basher (level 6, 0/51 HPs)
             Began as a Minotaur Berserker on Aug 11, 2018.
             Was a Believer of Trog.
             Slain by a worm (4 damage)
             ... on level 4 of the Dungeon.
             The game lasted 00:12:56 (2560 turns).

nicolaieve the Basher (Minotaur Berserker)          Turns: 2560, Time: 00:12:57

Health: 0/51       AC:  5    Str: 21    XL:     6   Next: 49%
Magic:  5/5        EV: 11    Int:  4    God:    Trog [**....]
Gold:   185        SH:  0    Dex: 12    Spells: 5/5 levels left

rFire    . . .     SeeInvis .   m - +0 whip
rCold    . . .     Gourm    .   (no shield)
rNeg     . . .     Faith    .   f - +0 ring mail
rPois    .         Spirit   .   (helmet restricted)
rElec    .         Reflect  .   (no cloak)
rCorr    .         Harm     .   (no gloves)
MR       ++...                  (no boots)
Stlth    +.........             (no amulet)
HPRegen  1.17/turn              (no ring)
MPRegen  0.09/turn              (no ring)

@: berserk cooldown, regenerating, slowed, very slow
A: retaliatory headbutt, horns 2
a: Berserk, Trog's Hand, Renounce Religion


You were on level 4 of the Dungeon.
You worshipped Trog.
Trog was pleased with you.
You were hungry.

You visited 1 branch of the dungeon, and saw 4 of its levels.

You collected 185 gold pieces.

Inventory:

Hand Weapons
 a - a +0 mace
 m - a +0 whip (weapon)
Armour
 f - a +0 ring mail (worn)
Jewellery
 y - a cursed amulet of inaccuracy {unknown}
Wands
 z - a wand of flame (23)
Scrolls
 e - 3 scrolls of teleportation {unknown}
 g - a scroll of enchant weapon {unknown}
 h - 2 scrolls of blinking {unknown}
 i - 4 scrolls of remove curse {unknown}
 j - 4 scrolls of enchant armour {unknown}
 n - 5 scrolls of identify {unknown}
 q - a scroll of magic mapping {unknown}
 u - 2 scrolls of amnesia {unknown}
 x - a scroll of random uselessness {unknown}
Potions
 b - 2 potions of degeneration {unknown}
 d - a potion of agility {unknown}
 k - a potion of invisibility {unknown}
 l - a potion of lignification {unknown}
 o - a potion of flight {unknown}
 p - a potion of mutation {unknown}
 s - 2 potions of curing {unknown}
 t - a potion of ambrosia {unknown}
 v - a potion of cancellation {unknown}
 w - a potion of berserk rage {unknown}
Comestibles
 c - 5 rations


   Skills:
 - Level 3.6 Fighting
 + Level 8.9 Maces & Flails
 - Level 2.4 Armour
 - Level 2.1 Dodging


You had 5 spell levels left.
You didn't know any spells.
Your spell library was empty.

Dungeon Overview and Level Annotations

Branches:
Dungeon (4/15)
 Temple: D:4-7

Altars:
Vehumet


Innate Abilities, Weirdness & Mutations

You reflexively headbutt those who attack you in melee.
You have a pair of horns on your head.


Message History

You feel less resistant to hostile enchantments.
You feel sick.
You feel sick.
You feel sick.
Eat a chunk of flesh? (ye/n/q)
You eat the chunk of flesh.
This raw flesh tastes terrible.
You feel sick.
Your skin crawls.
You feel resistant to hostile enchantments.
You are feeling hungry.
You hit the worm.
The worm is lightly wounded.
The worm bites you!
* * * LOW HITPOINT WARNING * * *
Unknown command.
You whack the worm!
The worm is heavily wounded.
You feel sick.
You are no longer poisoned.
The worm bites you.
You die...

#....(........ ...
#####...........###
...
#.................##
...
#.####........#....#
... #...#.........#
### #...#..#._.#).#
..
#...#.........###.#
#.w.#....#..†..#..#
#.@.#............##
#######..#........#
##.#.....##..
#.#......###
#.#.##..## #
#...###.#### ##.##
#...## ### ##..##
#..##


You could see a worm.

Vanquished Creatures
  Menkaure (D:4)
  A phantom (D:4)
  A worker ant (D:4)
  A hound skeleton (D:4)
  7 adders
  2 worms
  2 dart slugs
  2 leopard geckos
  4 orcs (D:3)
  A ball python (D:1)
  4 giant cockroaches
  12 goblins
  2 hobgoblins (D:3)
  10 kobolds
  2 quokkas
  7 bats
  7 frilled lizards
  3 rats
69 creatures vanquished.

Notes
Turn   | Place    | Note
-------+----------+-------------------------------------------
     0 | D:1      | nicolaieve the Minotaur Berserker began the quest for the Orb.
     0 | D:1      | Reached XP level 1. HP: 19/19 MP: 0/0
   176 | D:1      | Reached skill level 4 in Maces & Flails
   184 | D:1      | Reached XP level 2. HP: 22/26 MP: 1/1
   366 | D:1      | Reached skill level 5 in Maces & Flails
   750 | D:2      | Reached ** piety under Trog
   750 | D:2      | Reached XP level 3. HP: 30/31 MP: 2/2
  1583 | D:3      | Reached XP level 4. HP: 32/39 MP: 3/3
  1588 | D:3      | Reached skill level 6 in Maces & Flails
  2177 | D:4      | Noticed a phantom
  2211 | D:4      | Killed a phantom
  2211 | D:4      | Reached skill level 7 in Maces & Flails
  2211 | D:4      | Reached XP level 5. HP: 19/45 MP: 4/4
  2212 | D:4      | Noticed Menkaure
  2392 | D:4      | Killed Menkaure
  2392 | D:4      | Reached skill level 8 in Maces & Flails
  2392 | D:4      | Reached XP level 6. HP: 29/51 MP: 5/5
  2463 | D:4      | Found a radiant altar of Vehumet.
  2560 | D:4      | Slain by a worm

Skill      XL: |  1  2  3  4  5 |
---------------+----------------+-----
Maces & Flails | 4 5 7 8 |  8.9
Fighting       | |  3.6
Armour         | |  2.4
Dodging        | |  2.1

Action                   |  1- 3 |  4- 6 || total
-------------------------+-------+-------++-------
Melee: Mace              |    61 |       ||    61
       Headbutt          |     7 |    14 ||    21
       Whip              |    30 |   129 ||   159
Invok: Berserk           |       |     2 ||     2
       Trog's Hand       |       |     2 ||     2
  Eat: Chunk             |     2 |     5 ||     7
Armor: Ring mail         |    26 |    39 ||    65
Dodge: Dodged            |    47 |    48 ||    95
